 Dungeon Crawl Stone Soup version 0.31-a0-1068-g5939ac1fb6 (webtiles) character file.

Game seed: 9817367316232378401

3 Jannitor the Sneak (level 1, -4/18 HPs)
             Began as a Human Delver on Nov 24, 2023.
             Slain by an orc
             ... wielding a +0 trident
              (5 damage)
             ... on level 4 of the Dungeon.
             The game lasted 00:00:37 (170 turns).

Jannitor the Sneak (Human Delver)                    Turns: 170, Time: 00:00:37

Health: -4/18      AC:  3    Str: 12    XL:     1   Next: 55%
Magic:  1/1        EV: 12    Int: 10    God:
Gold:   22         SH:  0    Dex: 14    Spells: 0/0 levels left

rFire   . . .        i - +0 quarterstaff
rCold   . . .        (shield currently unavailable)
rNeg    . . .        b - +0 leather armour
rPois   .            (no helmet)
rElec   .            (no cloak)
rCorr   .            (no gloves)
SInv    .            (no boots)
Will    .....        (no amulet)
Stlth   +++          (no ring)
HPRegen 0.23/turn    (no ring)
MPRegen 0.07/turn

%: no passive effects
@: hasted, very quick
A: no striking features
a: no special abilities


You were on level 4 of the Dungeon.
You visited 1 branch of the dungeon, and saw 2 of its levels.

You collected 22 gold pieces.

Inventory:

Hand Weapons
 a - a +0 mace
 i - a +0 quarterstaff (weapon)
Armour
 b - a +0 leather armour (worn)
 d - a +0 tower shield
Wands
 g - a wand of digging (2)
Scrolls
 c - a scroll of fog
 e - a scroll of fear
 h - a scroll of poison {unknown}


   Skills:
 + Level 3.0 Fighting
 + Level 0.2(1.2) Axes
 - Level 2.0 Maces & Flails
 + Level 2.1 Dodging
 + Level 5.0 Stealth


You couldn't memorise any spells.
You didn't know any spells.
Your spell library was empty.

Dungeon Overview and Level Annotations

Branches:
Dungeon (5/15)
 Temple: D:4-7

Altars:


Message History

You climb upwards.
There is a stone staircase leading down here.
Unknown command.
The helpless endoplasm fails to defend itself.
You hit the endoplasm but do no damage.
The endoplasm hits you but does no damage.
You sock the endoplasm!
You kill the endoplasm!
No target in view!
An orc comes into view. It is wielding a +0 mace.
Found a scroll labelled ZED ACKIPY. 2 orcs come into view.
Found a leather armour.
The helpless orc fails to defend itself.
You thump the orc!
You kill the orc!
The orc closely misses you.
The orc shouts!
Things that are here:
a +0 mace; a scroll labelled ZED ACKIPY; an orc corpse You closely miss the orc.
The orc hits you from afar with a +0 trident.
The orc hits you but does no damage. The orc hits you with a +0 flail!
The orc hits you from afar with a +0 trident.
* * * LOW HITPOINT WARNING * * *
You are too injured to fight recklessly!
You are too injured to fight recklessly!
Unknown command.
You feel yourself speed up. The orc misses you.
You hit the orc.
The orc is severely wounded.
You closely miss the orc.
The orc is severely wounded.
The orc hits you from afar with a +0 trident.
* * * LOW HITPOINT WARNING * * *
The orc closely misses you.
You sock the orc!
You kill the orc!
The orc hits you from afar with a +0 trident.
You die...

#.#.# #.#.#
#.#.#
####.#.#
..#.#.#
#.#.#.#
#######.#.#.#
.[.........>#
######@###.#
#)# #.# #o#
#.# #.# #.#
#.# #.# #.#
#.# #.# #.#
#.# #.#


You could see an orc.

Vanquished Creatures
  2 orcs (D:4)
  An endoplasm (D:4)
3 creatures vanquished.

Notes
Turn   | Place    | Note
-------+----------+-------------------------------------------
     0 | D:5      | Jannitor the Human Delver began the quest for the Orb.
     0 | D:5      | Reached XP level 1. HP: 18/18 MP: 1/1
    60 | D:5      | Noticed a scorpion
   170 | D:4      | Slain by an orc

Illustrated notes

Levels and vault maps discovered:
D:4:      layout_basic, serial_shops, nicolae_shop_window_shopping,
          chequers_serial_rivers_small_a, grunt_decor_mini_mirrors,
          nicolae_shop_i_like_small_books_too
D:5:      layout_loops_corners, uniq_duvessa, uniq_menkaure

Action                     || total
---------------------------++-------
  Melee: Quarterstaff      ||     7
  Evoke: Wand              ||     1
    Use: Scroll            ||     1
         Potion            ||     1
   Stab: Sleeping          ||     2
 Armour: Leather armour    ||     7
  Dodge: Dodged            ||     3

Table legend: (Time is in decaauts)
 A = Elapsed time spent in this place.
 B = Non-inter-level travel time spent in this place.
 C = Inter-level travel time spent in this place.
 D = Time resting spent in this place.
 E = Time spent auto-exploring this place.
 F = Levels seen in this place.
 G = Mean time per level.
                   A        B        C        D        E       F      G
               +--------+--------+--------+--------+--------+-----+--------+
         Total |    169 |    169 |      0 |      0 |     62 |   2 |   84.5 |
       Dungeon |    169 |    169 |      0 |      0 |     62 |   2 |   84.5 |
               +--------+--------+--------+--------+--------+-----+--------+

Top non-repeatable levels by time:
     D:5: 148 daAuts
     D:4: 21 daAuts
